 Dungeon Crawl Stone Soup version 0.29-a0-284-gf9362112df (webtiles) character file.

Game seed: 7654727481018093191

1006 siradein the Grave Robber (level 8, -13/68 HPs)
             Began as a Deep Dwarf Necromancer on Mar 24, 2022.
             Was a Follower of Makhleb.
             Mangled by Duvessa
             ... wielding a +0 short sword
              (19 damage)
             ... on level 6 of the Dungeon.
             The game lasted 00:18:55 (6132 turns).

siradein the Grave Robber (Deep Dwarf Necromancer)  Turns: 6132, Time: 00:18:56

Health: -13/68     AC:  3    Str: 13    XL:     8   Next: 0%
Magic:  1/12       EV: 17    Int: 23    God:    Makhleb [*.....]
Gold:   328        SH:  5    Dex: 16    Spells: 9/13 levels left

rFire   x . .      SeeInvis .   t - +4 hunting sling of the Six Xenops {flame, rF- Int+6 Dex+3}
rCold   . . .      Faith    .   a - +0 buckler
rNeg    . . .      Spirit   .   d - +0 leather armour
rPois   .          Reflect  .   (no helmet)
rElec   .          Harm     .   (no cloak)
rCorr   .          Rampage  .   (no gloves)
Will    +....                   (no boots)
Stlth   ++........              (no amulet)
HPRegen 0.00/turn               h - +4 ring of evasion
MPRegen 0.13/turn               (no ring)

@: very slightly contaminated
A: damage resistance, heal wounds, sense surroundings 1, no regeneration
a: Heal Wounds, Renounce Religion


You were on level 6 of the Dungeon.
You worshipped Makhleb.
Makhleb was aware of your devotion.
You visited 1 branch of the dungeon, and saw 6 of its levels.
You also visited: Ossuary.

You collected 328 gold pieces.

Inventory:

Hand Weapons
 g - a +0 flail
 t - the +4 hunting sling of the Six Xenops (weapon) {flame, rF- Int+6 Dex+3}
   (You found it on level 4 of the Dungeon)

   Any ammunition fired from it burns those it strikes, dealing additional fire
   damage.
   Int:       It affects your intelligence (+6).
   Dex:       It affects your dexterity (+3).
   rF:        It makes you vulnerable to fire.
Missiles
 s - 13 poisoned darts
Armour
 a - a +0 buckler (worn)
 d - a +0 leather armour (worn)
Magical Staves
 l - a staff of earth
Jewellery
 h - a +4 ring of evasion (left hand)
 v - a ring of fire
Wands
 q - a wand of iceblast (9)
Scrolls
 c - a scroll of brand weapon
 j - 2 scrolls of magic mapping {unknown}
 k - a scroll of enchant weapon {unknown}
 n - a scroll of teleportation {unknown}
 o - a scroll of fear {unknown}
 x - a scroll of acquirement {unknown}
 y - a scroll of holy word {unknown}
 A - 3 scrolls of identify
Potions
 b - a potion of magic
 e - a potion of mutation {unknown}
 f - 2 potions of attraction
 i - 2 potions of haste
 m - 7 potions of curing {unknown}
 p - a potion of lignification {unknown}
 r - 4 potions of brilliance {unknown}
 u - a potion of heal wounds
 w - a potion of flight {unknown}
 z - a potion of degeneration {unknown}


   Skills:
 + Level 2.7 Fighting
 + Level 1.8 Maces & Flails
 + Level 3.1 Armour
 + Level 4.2 Dodging
 - Level 2.4 Stealth
 + Level 3.1 Shields
 + Level 3.2 Spellcasting
 * Level 6.9 Necromancy
 + Level 2.2 Invocations


You had 9 spell levels left.
You knew the following spells:

 Your Spells              Type           Power      Damage    Failure   Level
a - Vampiric Draining     Necr           35%        2d8       3%          3
b - Pain                  Necr           100%       1d9       1%          1

Your spell library contained the following spells:

 Spells                   Type           Power      Damage    Failure   Level
 Animate Skeleton         Necr           70%        N/A       1%          1
 Animate Dead             Necr           17%        N/A       11%         4
 Apportation              Tloc           6%         N/A       19%         1
 Slow                     Hex            12%        N/A       19%         1
 Summon Small Mammal      Summ           12%        N/A       19%         1
 Agony                    Necr           35%        N/A       30%         5
 Call Canine Familiar     Summ           3%         N/A       50%         3
 Confusing Touch          Hex            3%         N/A       50%         3
 Summon Guardian Golem    Hex/Summ       3%         N/A       50%         3
 Alistair's Intoxication  Tmut/Pois      2%         N/A       99%         5
 Yara's Violent Unravell  Hex/Tmut       1%         3d3       99%         5
 Enfeeble                 Hex            1%         N/A       100%        7


Dungeon Overview and Level Annotations

Branches:
Dungeon (6/15)            Ossuary (visited)
 Temple: D:4-7

Altars:
Dithmenos
Elyvilon
Fedhas
Kikubaaqudgha
Makhleb
Okawaru
Sif Muna
Trog
Uskayaw
Yredelemnul

Shops:
D:5 [

Annotations:
D:3 1 runed translucent door, DrKleor's ghost, amateur FoFi
D:6 Duvessa


Innate Abilities, Weirdness & Mutations

You are resistant to damage.
You can heal yourself by infusing magical energy.
You passively map a small area around you.
You do not regenerate.


Message History

Duvessa closely misses you. Duvessa hits you with a +0 short sword.
Okay, then.
You feel much better. Duvessa hits you with a +0 short sword!
You shoot a sling bullet. The sling bullet hits Duvessa.
The sling bullet burns Duvessa.
Duvessa is heavily wounded.
Duvessa barely misses you. Duvessa hits you with a +0 short sword!
You are too injured to fight recklessly!
Fire: t) +4 hunting sling of the Six Xenops {flame, rF- Int+6 Dex+3}
Press: ? - help, Q - select action, (/) - cycle Shift-Dir - straight line, f/p - Duvessa
Aim: Duvessa, wielding a +0 short sword, wearing a +0 scale mail and carrying a wand of polymorph (11) (heavily wounded, berserk, 70% to hit)
You shoot a sling bullet. The sling bullet hits Duvessa.
The sling bullet burns Duvessa.
Duvessa is severely wounded.
Duvessa barely misses you. Duvessa closely misses you.
Fire: t) +4 hunting sling of the Six Xenops {flame, rF- Int+6 Dex+3}
Press: ? - help, Q - select action, (/) - cycle Shift-Dir - straight line, f/p - Duvessa
Aim: Duvessa, wielding a +0 short sword, wearing a +0 scale mail and carrying a wand of polymorph (11) (severely wounded, berserk, 70% to hit)
You shoot a sling bullet. The sling bullet barely misses Duvessa.
Duvessa hits you with a +0 short sword!
* * * LOW HITPOINT WARNING * * *
Duvessa barely misses you. Duvessa hits you with a +0 short sword!
* * * LOW HITPOINT WARNING * * *
You feel much better. Duvessa hits you with a +0 short sword!
* * * LOW HITPOINT WARNING * * *
Duvessa hits you with a +0 short sword!
* * * LOW HITPOINT WARNING * * *
Fire: t) +4 hunting sling of the Six Xenops {flame, rF- Int+6 Dex+3}
Press: ? - help, Q - select action, (/) - cycle Shift-Dir - straight line, f/p - Duvessa
Aim: Duvessa, wielding a +0 short sword, wearing a +0 scale mail and carrying a wand of polymorph (11) (severely wounded, berserk, 70% to hit)
You shoot a sling bullet. The sling bullet barely misses Duvessa.
Duvessa barely misses you. You block Duvessa's attack.
Fire: t) +4 hunting sling of the Six Xenops {flame, rF- Int+6 Dex+3}
Press: ? - help, Q - select action, (/) - cycle Shift-Dir - straight line, f/p - Duvessa
Aim: Duvessa, wielding a +0 short sword, wearing a +0 scale mail and carrying a wand of polymorph (11) (severely wounded, berserk, 70% to hit)
You shoot a sling bullet. The sling bullet hits Duvessa.
The sling bullet burns Duvessa.
Duvessa is almost dead.
Duvessa hits you with a +0 short sword!!
You die...

################### *
..#................
.#.#.###############
#.#.#.#..............
####.#.#.#.#############
#....#.#................
#....#)###.#############
#....#.@...#.......#...#
##########....#e#.#.#.#####.#(#.#
#.............#.#.#.#.#.....#.#.#
..........#.#.#.#.#.#.#.#####.#.#
#...##### #.#.#.#...#.#.#.....#.#
###.#...# #.#.#.#####.#.#.#...#.#
#.#.#.# #.#.#...........#.#.#.#
#.#.#.# #.#.#########.###.#.#.#
#.....#.#.#....................


You could see Duvessa (berserk).

Vanquished Creatures
  A water moccasin (D:6)
  A sky beast (D:6)
  2 scorpions (D:4)
  3 water moccasin zombies (Ossuary)
  Dowan (D:6)
  A jelly (D:6)
  A hound (D:6)
  3 orc priests (D:3)
  An orc wizard (D:3)
  A scorpion zombie (D:3)
  3 mummies
  A hound skeleton (D:3)
  10 adders
  An ufetubus (D:4)
  8 adder zombies
  3 adder skeletons (D:3)
  A worm (D:4)
  2 dart slugs
  4 orcs (D:3)
  6 endoplasms
  3 giant cockroaches
  2 gnoll zombies (Ossuary)
  11 goblins
  5 hobgoblins
  4 jackals (D:1)
  4 quokkas
  8 ball pythons
  5 bats
  3 frilled lizards
  4 hobgoblin zombies (Ossuary)
  7 kobolds
  4 kobold zombies (Ossuary)
  7 orc zombies (Ossuary)
  3 rats (D:1)
124 creatures vanquished.

Vanquished Creatures (others)
  3 withered plants (D:3)
3 creatures vanquished.

Grand Total: 127 creatures vanquished

Notes
Turn   | Place    | Note
-------+----------+-------------------------------------------
     0 | D:1      | siradein the Deep Dwarf Necromancer began the quest for the
                  | Orb.
     0 | D:1      | Reached XP level 1. HP: 15/15 MP: 3/3
   136 | D:1      | Reached XP level 2. HP: 22/24 MP: 1/4
   314 | D:1      | Found a faded altar of an unknown god.
  1086 | D:2      | Reached XP level 3. HP: 25/30 MP: 2/6
  1091 | D:2      | Learned a level 3 spell: Vampiric Draining
  1140 | D:2      | Reached skill level 1 in Fighting
  1700 | D:2      | Reached skill level 5 in Necromancy
  2178 | D:2      | Reached XP level 4. HP: 32/38 MP: 0/7
  2417 | D:3      | Reached skill level 1 in Shields
  2487 | D:3      | Reached skill level 1 in Armour
  2489 | D:3      | HP: 1/38 [orc priest/divine providence (7)]
  2519 | D:3      | Reached XP level 5. HP: 16/44 MP: 1/8
  2917 | D:3      | Reached XP level 6. HP: 25/52 MP: 0/9
  3167 | D:3      | Found a runed translucent door.
  3170 | D:3      | Noticed DrKleor's ghost (amateur FoFi)
  3704 | D:4      | Reached skill level 6 in Necromancy
  3801 | D:4      | Found a bloodstained altar of Trog.
  3836 | D:4      | Found a basalt altar of Yredelemnul.
  3845 | D:4      | Found a shimmering blue altar of Sif Muna.
  4348 | D:4      | Found a white marble altar of Elyvilon.
  4358 | D:4      | Identified the +4 hunting sling of the Six Xenops {flame,
                  | rF- Int+6 Dex+3}
  4466 | D:4      | Found an ancient bone altar of Kikubaaqudgha.
  4466 | D:4      | Found a shadowy altar of Dithmenos.
  4474 | D:4      | Found a blossoming altar of Fedhas.
  4476 | D:4      | Found a hide-covered altar of Uskayaw.
  4478 | D:4      | Found a burning altar of Makhleb.
  4481 | D:4      | Became a worshipper of Makhleb the Destroyer
  4546 | D:5      | Entered Level 5 of the Dungeon
  4560 | D:5      | Found Dioveott's Armour Boutique.
  4595 | D:5      | Found an iron altar of Okawaru.
  4611 | D:5      | Found a sand-covered staircase.
  4624 | Ossuary  | Entered an ossuary
  4654 | Ossuary  | Reached XP level 7. HP: 60/60 MP: 11/11
  4673 | Ossuary  | Reached skill level 1 in Maces & Flails
  4745 | Ossuary  | Reached skill level 1 in Invocations
  4766 | Ossuary  | Reached * piety under Makhleb
  4964 | D:5      | Noticed a vampire
  5920 | D:6      | Noticed Dowan
  5923 | D:6      | Killed Dowan
  5971 | D:6      | Reached XP level 8. HP: 44/68 MP: 8/12
  6121 | D:6      | Noticed Duvessa
  6132 | D:6      | Mangled by Duvessa

Illustrated notes

Levels and vault maps discovered:
D:1:      nzn_arrival_water_spiral, layout_loops_ring,
          dreamdust_ecumenical_altar_hidden_monk_grotto,
          minmay_misc_feat_nine_boxes
D:2:      layout_basic
D:3:      layout_basic, serial_undead, serial_undead_c, serial_undead_f,
          serial_undead_f, serial_undead_d, serial_undead_b,
          ebering_ghost_sewer_d, kennysheep_generic_room_3
D:4:      layout_rooms, chequers_temple_overflow_minitemple,
          nicolae_elyvilon_peaceful_grove, minmay_overflow_temple_star_quad
D:5:      layout_gridville, overflow_temple_1_default,
          gup_ossuary_entry_pyramid, serial_shops, shop, uniq_eustachio
D:6:      layout_basic, uniq_duvessa

Skill      XL: |  1  2  3  4  5  6  7 |
---------------+----------------------+-----
Spellcasting   | 2 3 |  3.2
Fighting       | 1 2 |  2.7
Necromancy     | 5 6 |  6.9
Shields        | 1 2 3 |  3.1
Armour         | 1 2 3 |  3.1
Dodging        | 3 4 |  4.2
Maces & Flails | 1 |  1.8
Invocations    | 2 |  2.2
Stealth        | |  2.4

Action                   |  1- 3 |  4- 6 |  7- 9 || total
-------------------------+-------+-------+-------++-------
Melee: Unarmed           |    10 |       |       ||    10
       Spear             |     1 |    74 |       ||    75
       Flail             |       |    67 |       ||    67
 Fire: Hunting sling     |       |    27 |    97 ||   124
 Cast: Pain              |    63 |    18 |       ||    81
       Vampiric Draining |       |    31 |    16 ||    47
 Abil: Heal Wounds       |       |     1 |     2 ||     3
  Use: Scroll            |       |     4 |       ||     4
       Potion            |       |     1 |       ||     1
Armor: Robe              |     2 |       |       ||     2
       Ring mail         |     3 |    13 |       ||    16
       Leather armour    |       |    25 |    15 ||    40
Dodge: Dodged            |    14 |   172 |    66 ||   252
Block: Buckler           |     1 |    37 |    15 ||    53

Table legend: (Time is in decaauts)
 A = Elapsed time spent in this place.
 B = Non-inter-level travel time spent in this place.
 C = Inter-level travel time spent in this place.
 D = Time resting spent in this place.
 E = Time spent auto-exploring this place.
 F = Levels seen in this place.
 G = Mean time per level.
                   A        B        C        D        E       F      G
               +--------+--------+--------+--------+--------+-----+--------+
         Total |   6243 |   6181 |     62 |     72 |   4934 |   7 |  891.9 |
       Dungeon |   5909 |   5847 |     62 |     72 |   4819 |   6 |  984.8 |
       Ossuary |    334 |    334 |      0 |      0 |    115 |   1 |  334.0 |
               +--------+--------+--------+--------+--------+-----+--------+

Top non-repeatable levels by time:
     D:2: 1251 daAuts
     D:3: 1164 daAuts
     D:6: 1163 daAuts
     D:4: 1107 daAuts
     D:1: 1064 daAuts
 Ossuary: 334 daAuts
     D:5: 158 daAuts
